[Event "*** Titled Tuesday Blitz"]
[Site "Chess.com"]
[Date "2020.04.28"]
[Round "6"]
[White "Nikolaj_6"]
[Black "arctic_t00"]
[Result "1-0"]
[WhiteElo "2618"]
[BlackElo "2466"]
[TimeControl "180+1"]
[EndTime "11:07:21 PDT"]
[Termination "Nikolaj_6 won by resignation"]

1. e4 e6 2. d4 d5 3. Nc3 Nf6 4. Bg5 Bb4 5. e5 h6 6. Bd2 Bxc3 7. bxc3 Ne4 8. Qg4 g6 9. Bd3 Nxd2 10. Kxd2 c5 11. Rb1 Nc6 12. Nf3 c4 13. Be2 Qe7 14.
a4 b6 15. h4 Bd7 16. h5 g5 17. Nh2 f5 18. exf6 Qxf6 19. Qg3 O-O-O 20. Ng4 Qg7 21. Ne5 Nxe5 22. dxe5 Rhf8 23. a5 b5 24. Qe3 Bc6 25. Bg4 Qe7 26. Rhe1 Rf4 27. f3 d4 28. cxd4 Rfxd4+ 29. Ke2 Kb8 30. Kf1 Qf7 31.
Kg1 Qd7 32. a6 Qd5 33. Re2 Rd1+ 34. Rxd1 Qxd1+ 35. Kh2 Qd5 36. c3 Ka8 37. Rb2 Kb8 38.
Rf2 Ka8 39. f4 gxf4 40. Qxf4 Kb8 41. Bf3 Qd7 42. Bxc6 Qxc6 43. Qf6 Rg8 44. Qxh6 Qxa6 45. Rf8+ Rxf8 46. Qxf8+ Kc7 47. Qd6+ Qxd6 48. exd6+ Kxd6 49. h6 a5 50. h7 b4 51. h8=Q b3 52. Qd4+ 1-0

[Event "*** Titled Tuesday Blitz"]
[Site "Chess.com"]
[Date "2020.04.28"]
[Round "6"]
[White "Richarzard69"]
[Black "Vamostodorecto"]
[Result "1-0"]
[WhiteElo "2248"]
[BlackElo "2453"]
[TimeControl "180+1"]
[EndTime "11:07:21 PDT"]
[Termination "Richarzard69 won on time"]

1. Nf3 d5 2. c4 Nf6 3. cxd5 Nxd5 4. e4 Nb6 5. d4 g6 6. Nc3 Bg7 7. Be3 Nc6 8. d5 Na5 9. Bd4 O-O 10. h4 Bg4 11.
Bxg7 Kxg7 12. Qd4+ f6 13. b4 Bxf3 14. bxa5 Bg4 15.
axb6 axb6 16. Be2 Bxe2 17. Kxe2 e5 18. Qe3 Ra3 19. h5 g5 20. h6+ Kh8 21. Qd2 Qa8 22. Rhc1 Qa6+ 23. Qd3 Qa5 24. Kf1 Ra8 25. Kg1 Qc5 26.
Qf3 Qf8 27. Qh5 c6 28. dxc6 bxc6 29. Ne2 c5 30. Ng3 Rxa2 31. Rxa2 Rxa2 32. Nf5 Ra4 33.
Qe2 Rb4 34. Rd1 c4 35. Qd2 Kg8 36. Qd7 c3 37. Qe6+ Kh8 38. Rc1 Rxe4 39. Rxc3 Rf4 40. Rc8 1-0

[Event "*** Titled Tuesday Blitz"]
[Site "Chess.com"]
[Date "2020.04.28"]
[Round "6"]
[White "inegrepus"]
[Black "PawnEatingZombie"]
[Result "1-0"]
[WhiteElo "2263"]
[BlackElo "2103"]
[TimeControl "180+1"]
[EndTime "11:07:21 PDT"]
[Termination "inegrepus won on time"]

1. d4 d5 2. Nf3 e6 3. g3 b5 4. Bg2 Nf6 5. O-O Bb7 6. Re1 Nbd7 7. Nbd2 c5 8. e4 dxe4 9. Ng5 cxd4 10. Ndxe4 Qb6 11. Nxf7 Kxf7 12. Ng5+ Kg8 13. Rxe6 Qc7 14. Qxd4 Bxg2 15. Kxg2 Bc5 16. Qh4 h6 17. Bf4 Qb7+ 18.
Nf3 Kh7 19. Rae1 Rhe8 20. Bg5 Rxe6 21. Rxe6 Qd5 22. Qh3 Rf8 23. b3 Kg8 24. c4 bxc4 25. bxc4 Qxc4 26. Bxf6 Nxf6 27. Rc6 Qd5 28. Qe6+ Qxe6 29.
Rxe6 Bb6 30. Re7 Rc8 31. Ne5 Rc2 32. Nd3 Rxa2 33. g4 Nxg4 34. Kg3 Nxf2 35. Nf4 Nh1+ 36. Kg4 Nf2+ 37. Kf5 Kh7 38. Ne6 Ra5+ 39. Kf4 Nd3+ 40. Kf3 Nc5 41. Nxg7 1-0

[Event "*** Titled Tuesday Blitz"]
[Site "Chess.com"]
[Date "2020.04.28"]
[Round "6"]
[White "CaspiIsrael"]
[Black "XiaoKangZhong"]
[Result "1-0"]
[WhiteElo "2623"]
[BlackElo "2362"]
[TimeControl "180+1"]
[EndTime "11:07:22 PDT"]
[Termination "CaspiIsrael won by checkmate"]

1. e4 c6 2. d4 d5 3. e5 c5 4. dxc5 Nc6 5. a3 Nxe5 6. b4 g6 7. Bb2 Bg7 8. Nc3 Nf6 9. f4 Neg4 10. Nxd5 Nxd5 11. Bxg7 Rg8 12. c4 Nde3 13. Qxd8+ Kxd8 14. Bb2 Nc2+ 15. Ke2 Nxa1 16. Bxa1 Be6 17. Kf3 h5 18.
Bd3 Kc7 19. Ne2 Rad8 20. Nd4 Bd7 21. h3 e5 22. fxe5 Nxe5+ 23. Ke3 Nxd3 24. Kxd3 Rge8 25. Kc2 Re4 26. Rf1 f5 27. Rf2 Ba4+ 28. Kd2 Rdxd4+ 29. Bxd4 Rxd4+ 30. Kc3 Re4 31. b5 a5 32. Rd2 Re3+ 33. Kd4 Re4+ 34. Kc3 Re1 35. Rd6 Rc1+ 36. Kd4 Rd1+ 37. Ke5 Rxd6 38. cxd6+ Kd7 39. b6 Bc6 40. g3 h4 41. gxh4 Bf3 42. c5 Bh5 43.
Kf4 Ke6 44. c6 Kxd6 45. cxb7 Kc6 46. b8=Q Kb5 47. b7 Ka4 48. Qd6 g5+ 49. hxg5 Be8 50. b8=Q Bb5 51. Ke5 Bd7 52. Qbb4+ axb4 53. Qxb4# 1-0

[Event "*** Titled Tuesday Blitz"]
[Site "Chess.com"]
[Date "2020.04.28"]
[Round "6"]
[White "leoduarte"]
[Black "ega2006"]
[Result "1-0"]
[WhiteElo "2296"]
[BlackElo "2428"]
[TimeControl "180+1"]
[EndTime "11:07:22 PDT"]
[Termination "leoduarte won by resignation"]

1. e4 c5 2. Nf3 Nc6 3. d4 cxd4 4. Nxd4 g6 5. Nc3 Bg7 6. Be3 Nf6 7. f3 O-O 8. Bc4 Qb6 9. Rb1 Ng4 10. fxg4 Bxd4 11. Nd5 Qa5+ 12. b4 Nxb4 13. Nxe7+ Kg7 14. Bxd4+ f6 15.
O-O Nc6 16. Nxc6 dxc6 17. Qf3 Qg5 18. h3 b5 19. Bb3 Bd7 20. Qg3 c5 21. Be3 Qe5 22. Qxe5 fxe5 23. Bd5 Rac8 24. Rxf8 Kxf8 25. Bh6+ Ke7 26. Rf1 Be8 27. Bg5+ Kd6 28. Rf6+ Kc7 29. Rf8 Kd6 30. Rh8 h5 31. gxh5 gxh5 32. Rh6+ Kc7 33. Rh7+ Kd6 34. Be7+ Kd7 35. Bxc5+ Kd8 36. Be7+ Kd7 37.
Bb4+ Kd8 38. c3 Bd7 39. Ba5+ Ke8 40. Rh8+ Ke7 41. Bb4+ 1-0

[Event "*** Titled Tuesday Blitz"]
[Site "Chess.com"]
[Date "2020.04.28"]
[Round "6"]
[White "DonPreuss"]
[Black "Chichin_chao"]
[Result "0-1"]
[WhiteElo "2190"]
[BlackElo "2361"]
[TimeControl "180+1"]
[EndTime "11:07:22 PDT"]
[Termination "Chichin_chao won by resignation"]

1. Nc3 e5 2. e4 c5 3. f4 d6 4.
Nf3 Nc6 5. Bc4 g6 6. d3 Bg7 7. O-O exf4 8. Bxf4 Be6 9. Bxe6 fxe6 10. Ng5 Qd7 11. Bg3 Nf6 12. Nb5 e5 13. Nc3 h6 14. Nf3 O-O 15. Nh4 Kh7 16. Qe2 Nd4 17. Qd2 Nh5 18. Nd5 Rac8 19. c3 Ne6 20. Rxf8 Rxf8 21. Rf1 Rxf1+ 22. Kxf1 Nxg3+ 23. hxg3 Nc7 24. Nxc7 Qxc7 25. Qf2 Qe7 26. g4 Bf6 27. Nf3 Kg7 28. Ne1 Bh4 29. g3 Bg5 30. Nc2 a6 31. Ke2 Qe6 32.
Qf3 Qxa2 33. Qf1 Qxb2 34. Qd1 Qxc3 35. Kf3 b5 36. Ne3 Bxe3 37. Kxe3 c4 38. Kf2 Qxd3 39. Qc1 Qxe4 40. Qa1 Qd4+ 41. Qxd4 exd4 42. Kf3 Kf6 43.
Ke4 Kg5 0-1

[Event "*** Titled Tuesday Blitz"]
[Site "Chess.com"]
[Date "2020.04.28"]
[Round "6"]
[White "Dr_Thomas_Quilter"]
[Black "MacDaddyMac"]
[Result "1/2-1/2"]
[WhiteElo "2205"]
[BlackElo "2307"]
[TimeControl "180+1"]
[EndTime "11:07:22 PDT"]
[Termination "Game drawn - insufficient material"]

1. d4 Nf6 2. Bf4 e6 3. e3 b6 4. Bd3 Bb7 5. Nf3 Be7 6. Nbd2 d5 7. Qe2 Ne4 8. Ne5 O-O 9. g4 Nd7 10.
O-O-O Nxe5 11. Bxe5 f6 12. Bf4 Nxd2 13. Rxd2 c5 14.
c3 c4 15. Bb1 b5 16. e4 dxe4 17. Bxe4 Bxe4 18. Qxe4 Qd5 19. Re1 Kf7 20. Rde2 Qxe4 21. Rxe4 Rfe8 22. Rxe6 Bf8 23. d5 Rxe6 24. Rxe6 Rd8 25.
Ra6 Bc5 26. Be3 Bxe3+ 27. fxe3 Rxd5 28. Rxa7+ Kg6 29. h4 h5 30. gxh5+ Rxh5 31. Rb7 Rxh4 32. Rxb5 Rh1+ 33. Kd2 Rh2+ 34. Ke1 f5 35. a4 Kg5 36. e4 Kg4 37. Rxf5 Rxb2 38. a5 Ra2 39. Rc5 Kf3 40. Rxc4 Rxa5 41. Rc7 g5 42. Rf7+ Ke3 43. Kf1 Kxe4 44. Kg2 Ra3 45. Kg3 Rxc3+ 46. Kg4 Rc5 47. Rf1 Ke3 48. Rf8 Ke4 49. Rf1 Rd5 50. Re1+ Kd4 51. Rf1 Kc5 52. Rf5 Rxf5 53. Kxf5 Kd5 54.
Kxg5 1/2-1/2

[Event "*** Titled Tuesday Blitz"]
[Site "Chess.com"]
[Date "2020.04.28"]
[Round "6"]
[White "Izoria123"]
[Black "Sibelephant"]
[Result "1/2-1/2"]
[WhiteElo "2825"]
[BlackElo "3189"]
[TimeControl "180+1"]
[EndTime "11:07:23 PDT"]
[Termination "Game drawn by agreement"]

1. Nf3 g6 2. e4 d6 3. c4 Bg4 4. d4 Bg7 5. Be2 Bxf3 6. Bxf3 Nc6 7. Be3 e5 8. d5 Nd4 9. Bxd4 exd4 10. Nd2 Nf6 11.
O-O O-O 12. Nb3 Nd7 13. Bg4 Re8 14. Bxd7 Qxd7 15. Qd3 f5 16. exf5 Qxf5 17. Qxf5 gxf5 18. Nc1 c5 19. dxc6 bxc6 20. Nd3 a5 21. Rfe1 Re4 22. Kf1 Kf7 23. Rad1 a4 24. f3 Re3 25. Rxe3 dxe3 26. Ke2 Bd4 27. Nb4 Rb8 28. Rxd4 Rxb4 29.
Rxd6 Rxb2+ 30. Kxe3 Rxg2 31. Rxc6 Rxa2 32. Ra6 Rxh2 33. Rxa4 Rc2 34. Kf4 Kf6 35. Ra6+ Kf7 36. Kxf5 Rxc4 37. Ra7+ Kg8 38. f4 Rc6 39. Kg5 h6+ 40.
Kh5 Rf6 41. f5 Rxf5+ 42. Kg6 Rg5+ 43. Kxh6 Rg1 1/2-1/2

[Event "*** Titled Tuesday Blitz"]
[Site "Chess.com"]
[Date "2020.04.28"]
[Round "6"]
[White "QueenOfTactics90"]
[Black "vinodbhagwat1976"]
[Result "1-0"]
[WhiteElo "1945"]
[BlackElo "2230"]
[TimeControl "180+1"]
[EndTime "11:07:23 PDT"]
[Termination "QueenOfTactics90 won by resignation"]

1. e4 e5 2. Nf3 Nc6 3. d4 exd4 4. Nxd4 Nf6 5. Nxc6 bxc6 6. Nc3 Bb4 7. Bd3 d5 8. exd5 cxd5 9. O-O O-O 10. h3 c6 11. Qf3 Qc7 12. Bg5 Be7 13. Bf4 Bd6 14. Bg5 Be5 15. Rfe1 h6 16. Bh4 Rb8 17. Rab1 Be6 18.
Rxe5 Qxe5 19. Bg3 Qg5 20. Bxb8 Rxb8 21. Ne2 Qd2 22. Qf4 Qxf4 23. Nxf4 Kf8 24. f3 Ke7 25. Kf2 Kd6 26. b3 Rb4 27. g3 a5 28. c3 Rb8 29. h4 Nd7 30. Re1 Ne5 31. Bc2 a4 32. Nh5 g6 33. Nf6 axb3 34. axb3 Nd7 35. Nxd7 Kxd7 36.
g4 Ra8 37. Kg3 Ra2 38. Re2 d4 39. cxd4 Bxb3 40. Bd3 Rxe2 41. Bxe2 Kd6 42. Kf2 Kd5 43. Ke3 Bc2 44. g5 hxg5 45. hxg5 Bf5 46. Bd1 Kc4 47. Ba4 Bd7 48. Ke4 Bf5+ 49. Ke5 Kd3 50. Bxc6 Ke3 51. d5 Kxf3 52. d6+ Kg4 53. Kf6 Kf4 54.
d7 Bxd7 55. Bxd7 Ke4 56. Be8 1-0

[Event "*** Titled Tuesday Blitz"]
[Site "Chess.com"]
[Date "2020.04.28"]
[Round "6"]
[White "Fh2411"]
[Black "Meri-Arabidze"]
[Result "1-0"]
[WhiteElo "2491"]
[BlackElo "2612"]
[TimeControl "180+1"]
[EndTime "11:07:24 PDT"]
[Termination "Fh2411 won on time"]

1. d4 d5 2. Nf3 Nf6 3. Bf4 e6 4. e3 Bd6 5. Bg3 c5 6. c3 Nc6 7.
Nbd2 O-O 8. Bd3 b6 9. e4 Be7 10. e5 Nh5 11. a3 Bb7 12. Qe2 h6 13. O-O Nxg3 14. hxg3 Rc8 15. Rfe1 Re8 16. Nf1 Bf8 17. Ne3 Ne7 18. Rad1 Rc7 19. Bb1 Qc8 20. Qd3 Ng6 21. Nh4 Ba6 22. Qc2 cxd4 23. Rxd4 Bc5 24. Nxg6 fxg6 25. Rf4 d4 26. Qxg6 d3 27. Bxd3 Bxd3 28. Qxd3 Rd7 29. Qg6 Bxe3 30. Rxe3 Rd1+ 31. Kh2 Rf8 32.
Rxf8+ Qxf8 33. Qxe6+ Kh7 34. Rf3 Qc5 35. Qf5+ Kg8 36.
Qf7+ Kh7 37. e6 Rd5 38. g4 Qd6+ 39. g3 Re5 40. Rf6 Qd3 41. Rf5 Re1 42. g5 1-0

[Event "*** Titled Tuesday Blitz"]
[Site "Chess.com"]
[Date "2020.04.28"]
[Round "6"]
[White "PetrolulSah"]
[Black "KubaGepard"]
[Result "1-0"]
[WhiteElo "2218"]
[BlackElo "2383"]
[TimeControl "180+1"]
[EndTime "11:07:24 PDT"]
[Termination "PetrolulSah won by resignation"]

1. d4 d5 2. c4 dxc4 3. e4 c5 4. Nf3 cxd4 5. Qxd4 Qxd4 6. Nxd4 a6 7. Bxc4 e5 8. Nf3 Nc6 9. O-O Bg4 10. Ng5 Bh5 11. Nc3 h6 12. Nh3 Nd4 13. f3 Nf6 14. Nd5 Nxd5 15. Bxd5 Be7 16. Bd2 Rc8 17. Bc3 Ne2+ 18.
Kh1 Nxc3 19. Rac1 O-O 20. Rxc3 Rxc3 21. bxc3 b5 22. Bb7 a5 23. Ba6 Rb8 24. Rb1 b4 25. cxb4 Rxb4 26. Rxb4 Bxb4 27. Kg1 f6 28. Bc4+ Kf8 29.
Kf2 Ke7 30. Ke3 Kd6 31. Kd3 Kc5 32. Nf2 Be8 33. Nd1 a4 34. Ne3 Bd7 35. Nd5 Be1 36. Ne7 Kd6 37. Nd5 Bc6 38. Ne3 Bf2 39.
Nf5+ Kc5 40. Nxg7 Kb4 41. Nh5 Bg1 42. h3 Ka3 43. Nxf6 Kb2 44. Ng4 a3 45. Nxe5 Ba4 46. g4 Bc2+ 47. Kd2 Bd4 48. Nd3+ Ka1 49. Kxc2 1-0

[Event "*** Titled Tuesday Blitz"]
[Site "Chess.com"]
[Date "2020.04.28"]
[Round "6"]
[White "Alexa797"]
[Black "Juanovic"]
[Result "1-0"]
[WhiteElo "2340"]
[BlackElo "2154"]
[TimeControl "180+1"]
[EndTime "11:07:24 PDT"]
[Termination "Alexa797 won by checkmate"]

1. d4 d5 2. c4 c6 3. Nc3 Nf6 4. e3 e6 5. a3 Nbd7 6. Nf3 g6 7.
Be2 a5 8. O-O Bg7 9. Qc2 O-O 10.
e4 dxe4 11. Nxe4 Qc7 12. Ng3 e5 13. Rd1 Re8 14. Bf1 h5 15. h4 Ng4 16. Bg5 exd4 17. Nxd4 a4 18. Re1 Rxe1 19. Rxe1 Bxd4 20. Re8+ Nf8 21. Ne4 Bg7 22. g3 Ra5 23. c5 Bf5 24. Bc4 Qd7 25. Rd8 Qc7 26. Ba2 Qe5 27. Bb1 Rxc5 28.
Qxc5 Qxc5 29. Nxc5 Bxb1 30. Nd7 Bf5 31. Nxf8 Bxf8 32. Be7 Kg7 33. Bxf8+ Kh7 34. Be7 Be6 35. Rb8 Kg7 36. Rxb7 Bd5 37. Ra7 Bb3 38. Bb4 g5 39.
Bc3+ Kg6 40. Ra6 gxh4 41. Rxc6+ Kf5 42. gxh4 f6 43. f3 Ne3 44. Rxf6# 1-0

[Event "*** Titled Tuesday Blitz"]
[Site "Chess.com"]
[Date "2020.04.28"]
[Round "6"]
[White "PotapovaM"]
[Black "pma83"]
[Result "0-1"]
[WhiteElo "2414"]
[BlackElo "2249"]
[TimeControl "180+1"]
[EndTime "11:07:25 PDT"]
[Termination "pma83 won by checkmate"]

1. Nf3 Nf6 2. b3 g6 3. Bb2 Bg7 4. g3 O-O 5. Bg2 d6 6. d4 c6 7.
c4 Nbd7 8. O-O Re8 9. Nc3 e5 10. e4 exd4 11. Nxd4 Nc5 12. f3 a5 13. Qd2 Qb6 14. Kh1 Nfd7 15. Rad1 a4 16. Rb1 Ne5 17. f4 Ned3 18. Nde2 axb3 19. axb3 Qxb3 20. e5 dxe5 21. Ne4 Nxe4 22. Bxe4 Nxb2 23. Rxb2 Qxc4 24. Bg2 exf4 25. Rc2 Qb5 26. Nxf4 Bf5 27. Rcc1 Rad8 28. Qa2 Rd7 29. Rf2 Red8 30. h3 h5 31. Kh2 Bh6 32. Re1 Bxf4 33. gxf4 Qb4 34. Ree2 Rd1 35. Rb2 Qe1 36. Rf1 Qe3 37. Rf3 Qg1+ 38. Kg3 R1d3 39. Rb3 Be6 40. Rb1 Rxf3+ 41. Kxf3 Rd3+ 42. Ke2 Qe3+ 43. Kf1 Bxa2 44. Re1 Qxf4+ 45. Kg1 Rd2 46. Re8+ Kg7 47. Bxc6 Qf2+ 48. Kh1 Qh2# 0-1

[Event "*** Titled Tuesday Blitz"]
[Site "Chess.com"]
[Date "2020.04.28"]
[Round "6"]
[White "Jaka_Brilej"]
[Black "Bastiandash"]
[Result "1-0"]
[WhiteElo "2377"]
[BlackElo "2019"]
[TimeControl "180+1"]
[EndTime "11:07:25 PDT"]
[Termination "Jaka_Brilej won on time"]

1. e4 d5 2. exd5 Qxd5 3. Nc3 Qd8 4. d4 Nf6 5. Bc4 Bf5 6. Nge2 e6 7. O-O c6 8. Ng3 Bg6 9. f4 Bd6 10. f5 exf5 11. Re1+ Be7 12. d5 O-O 13. Bf4 cxd5 14. Nxd5 Bc5+ 15. Kh1 Nc6 16. Bc7 Ng4 17. Qxg4 fxg4 18.
Bxd8 Raxd8 19. c3 a6 20. Rad1 h6 21. Nf4 Kh7 22. Nxg6 fxg6 23. Ne4 Bf2 24. Rxd8 Nxd8 25. Rf1 Bc5 26. Nxc5 Re8 27. Kg1 Nc6 28. Bb3 Rc8 29. Nxb7 Rb8 30. Nd6 Na5 31. Ne4 Nxb3 32. axb3 Rxb3 33.
Rf2 h5 34. Nc5 Rb6 35. b4 Kh6 36. Nb3 Rc6 37. Rc2 g5 38. Na5 Rc8 39. c4 Kg6 40. c5 Kf7 41. c6 Ke6 42. Nb3 Kd6 43. Nd4 Kc7 44. b5 axb5 45. Nxb5+ Kb8 46. Nd6 Rc7 47. Nb5 Rc8 48. c7+ 1-0

[Event "*** Titled Tuesday Blitz"]
[Site "Chess.com"]
[Date "2020.04.28"]
[Round "6"]
[White "donotreadit"]
[Black "WIDBIFS"]
[Result "1-0"]
[WhiteElo "2692"]
[BlackElo "2824"]
[TimeControl "180+1"]
[EndTime "11:07:26 PDT"]
[Termination "donotreadit won by checkmate"]

1. Nf3 Nf6 2. b3 g6 3. Bb2 Bg7 4. g3 O-O 5. Bg2 d6 6. d4 Nc6 7.
O-O a5 8. a4 Bf5 9. Nbd2 d5 10.
c3 Ne4 11. Nh4 Nxd2 12. Qxd2 Be6 13. Ba3 Qd7 14. Rfe1 Rfe8 15. f4 Bh3 16. Rad1 Bxg2 17. Kxg2 Rad8 18. Rf1 Qe6 19. f5 Qe4+ 20. Kg1 e5 21. f6 Bh8 22. Nf5 Bxf6 23. Nh6+ Kg7 24. Rxf6 Kxf6 25. Rf1+ Kg7 26. Nxf7 Rd7 27. Qh6+ Kg8 28.
Ng5 Qe3+ 29. Kh1 Rg7 30. Bf8 Rd7 31. Bc5 Rg7 32. b4 exd4 33. b5 Qxe2 34. Qh3 Ne5 35. Bf8 Ng4 36. Bxg7 h5 37. Bxd4 Re3 38. Qg2 Qxg2+ 39.
Kxg2 Re2+ 40. Kg1 Rxh2 41. Ne6 Re2 42. Rf8+ Kh7 43. Rh8# 1-0

[Event "*** Titled Tuesday Blitz"]
[Site "Chess.com"]
[Date "2020.04.28"]
[Round "6"]
[White "Gareth-Bale11"]
[Black "Uzbektiger1963"]
[Result "0-1"]
[WhiteElo "2741"]
[BlackElo "2544"]
[TimeControl "180+1"]
[EndTime "11:07:26 PDT"]
[Termination "Uzbektiger1963 won by resignation"]

1. d4 Nf6 2. c4 g6 3. Nc3 d5 4. cxd5 Nxd5 5. e4 Nxc3 6. bxc3 Bg7 7. Be3 c5 8. Rc1 O-O 9. Qd2 e5 10. Nf3 exd4 11. cxd4 cxd4 12. Nxd4 Qe7 13. Qc2 Qb4+ 14. Qd2 Qxd2+ 15. Kxd2 Rd8 16. Bd3 Na6 17. Rc4 Bd7 18. Rb1 b6 19. Nc6 Bxc6 20. Rxc6 Bf8 21. Ke2 Nb4 22.
Rc3 Nxa2 23. Rcb3 Rac8 24. Kf3 Nc3 25. Ba6 Nxb1 26. Bxc8 Nd2+ 27. Bxd2 Rxd2 28. Kg3 Bd6+ 29. f4 g5 30. e5 gxf4+ 31. Kxf4 Rd4+ 32. Kf5 Rd5 33.
Re3 Kf8 34. Bb7 Rc5 35. Kf6 Be7+ 36. Kf5 Bd8 37. Ba6 Ke7 38. Rd3 Bc7 39. Re3 f6 40. Bc8 Bxe5 41. Bb7 a5 42. g3 a4 43. Rd3 a3 44.
Rxa3 Bb2+ 0-1

[Event "*** Titled Tuesday Blitz"]
[Site "Chess.com"]
[Date "2020.04.28"]
[Round "6"]
[White "Corpescador"]
[Black "FedaMaster"]
[Result "0-1"]
[WhiteElo "2354"]
[BlackElo "2573"]
[TimeControl "180+1"]
[EndTime "11:07:26 PDT"]
[Termination "FedaMaster won on time"]

1. e4 d5 2. exd5 Qxd5 3. Nc3 Qd6 4. d4 Nf6 5. Nf3 a6 6. g3 b5 7. Bg2 Bb7 8. O-O e6 9. Bf4 Qb6 10. a4 b4 11. a5 Qa7 12. Na4 Nbd7 13. Bxc7 Rc8 14.
Bf4 Be4 15. Ne1 Bxg2 16. Kxg2 Nd5 17. Bc1 h5 18. h4 Be7 19. Qd3 Qb7 20. Nf3 O-O 21. Bg5 f6 22. Bd2 f5 23. Rfe1 Rc6 24.
Kg1 f4 25. Ne5 Nxe5 26. Rxe5 fxg3 27. fxg3 Nf6 28. Rf1 Rd6 29. Bf4 Qd7 30. Nc5 Qc8 31. Qe3 Rfd8 32. Nxe6 Rxe6 33. Rxe6 Bf8 34. Rxf6 gxf6 35.
Qe4 Qg4 36. Kg2 Rd7 37. Rf2 Re7 38. Qd3 Re1 39. Qxa6 Qd1 40. Qc6 Rh1 41. Qd5+ Kh8 0-1

[Event "*** Titled Tuesday Blitz"]
[Site "Chess.com"]
[Date "2020.04.28"]
[Round "6"]
[White "GukeshDommaraju"]
[Black "mikolka1985"]
[Result "1-0"]
[WhiteElo "2753"]
[BlackElo "2581"]
[TimeControl "180+1"]
[EndTime "11:07:27 PDT"]
[Termination "GukeshDommaraju won on time"]

1. e4 e5 2. Nf3 Nc6 3. Bb5 a6 4. Ba4 Nf6 5. O-O Be7 6. Re1 b5 7.
Bb3 d6 8. c3 O-O 9. h3 Nb8 10.
d4 Nbd7 11. Nbd2 Bb7 12. Bc2 Re8 13. Nf1 Bf8 14. Ng3 g6 15. a4 c5 16. d5 c4 17. Bg5 h6 18. Be3 Nc5 19. Qd2 Kh7 20.
a5 Bc8 21. h4 Ng4 22. Bxc5 dxc5 23. h5 Nf6 24. hxg6+ fxg6 25. Nh2 h5 26. Rad1 Bh6 27.
Qe2 Qd6 28. Ngf1 Bd7 29. Ne3 Rf8 30. g3 Rae8 31. Ng2 Ng4 32. f3 Nf6 33. f4 Bg4 34.
Nxg4 Nxg4 35. f5 gxf5 36. exf5 e4 37. Bxe4 Qxg3 38. Qf3 Qh2+ 39. Kf1 Nf6 40. d6 Rg8 41. d7 Qh1+ 42. Kf2 Nxe4+ 43. Rxe4 Rxg2+ 44. Qxg2 1-0

[Event "*** Titled Tuesday Blitz"]
[Site "Chess.com"]
[Date "2020.04.28"]
[Round "6"]
[White "MasterKroket"]
[Black "Semetey"]
[Result "1-0"]
[WhiteElo "2410"]
[BlackElo "2539"]
[TimeControl "180+1"]
[EndTime "11:07:27 PDT"]
[Termination "MasterKroket won by resignation"]

1. d4 Nf6 2. c4 e6 3. Nf3 Bb4+ 4. Bd2 Qe7 5. g3 d5 6. Qc2 O-O 7. Bg2 Ne4 8. O-O Nxd2 9. Nbxd2 c6 10. e4 dxe4 11.
Nxe4 Nd7 12. Rad1 Ba5 13. h4 h6 14. Ne5 Bc7 15. f4 c5 16. Nxd7 Bxd7 17. Nxc5 Bc6 18.
Bxc6 bxc6 19. Qe4 Bb6 20. Nd3 Rfd8 21. Ne5 Qc7 22. Nxc6 Rd6 23. Ne7+ Qxe7 24. Qxa8+ Rd8 25. Qe4 Qf6 26. Qe5 Rxd4 27. c5 Qxe5 28. fxe5 Bxc5 29.
Rxd4 Bxd4+ 30. Kg2 Bxb2 31. Re1 Kf8 32. Kf3 Ke7 33.
Ke4 f6 34. exf6+ Kxf6 35. Rb1 Bc3 36. Rb7 a5 37. a4 h5 38. Rb5 g6 39. Rc5 Bb4 40.
Rc8 Be1 41. Kf3 Bb4 42. g4 hxg4+ 43. Kxg4 Kf7 44. Rc7+ Kf6 45. Rb7 Be1 46. Rb1 Bc3 47. Rf1+ Kg7 48. Kf4 Bf6 49. Kg4 Bc3 50. Rf3 Bb4 51.
Kf4 Kf6 52. Ke4+ Ke7 53. Rg3 Be1 54. Rg5 Kd6 55. Kd4 Bf2+ 56. Kc4 e5 57. Rxg6+ Kc7 58.
h5 1-0

[Event "*** Titled Tuesday Blitz"]
[Site "Chess.com"]
[Date "2020.04.28"]
[Round "6"]
[White "FairChess_on_YouTube"]
[Black "crescentmoon2411"]
[Result "1/2-1/2"]
[WhiteElo "3047"]
[BlackElo "2804"]
[TimeControl "180+1"]
[EndTime "11:07:28 PDT"]
[Termination "Game drawn - insufficient material"]

1. e4 c5 2. Nc3 Nc6 3. Nge2 g6 4. d4 cxd4 5. Nxd4 Bg7 6. Be3 Nf6 7. Nxc6 bxc6 8. e5 Ng8 9. f4 Nh6 10. Qd2 d6 11.
O-O-O Bg4 12. Be2 dxe5 13. Qxd8+ Rxd8 14. Rxd8+ Kxd8 15. fxe5 Bxe2 16. Nxe2 Ng4 17. Bxa7 Nxe5 18. Bd4 Bf6 19. c3 Kc7 20. Kc2 Nd7 21. a4 Bxd4 22. Nxd4 e5 23. Nf3 f6 24. b4 Nb6 25. Kb3 Rd8 26.
a5 Nd5 27. Rd1 Rb8 28. Nd2 f5 29. Nc4 e4 30. Ne5 e3 31. Nd3 f4 32. h4 h6 33.
Kc4 g5 34. hxg5 hxg5 35. Rh1 Re8 36. Rh7+ Re7 37. Rxe7+ Nxe7 38. Kd4 Nf5+ 39. Ke4 Nh4 40. g3 fxg3 41. Kxe3 g4 42. c4 Nf5+ 43. Ke2 Nd4+ 44. Kf1 Nc2 45. Kg2 Ne3+ 46. Kxg3 Nxc4 47. Kxg4 Kb7 48. Nc5+ Ka7 49. Kf4 Na3 50. Ke5 Nc2 51. Nd3 Ka6 52. Kd6 Nxb4 53. Nxb4+ Kxa5 54. Nxc6+ 1/2-1/2

[Event "*** Titled Tuesday Blitz"]
[Site "Chess.com"]
[Date "2020.04.28"]
[Round "6"]
[White "Harsha_Bharathakoti"]
[Black "SoltaniciR"]
[Result "1/2-1/2"]
[WhiteElo "2739"]
[BlackElo "2590"]
[TimeControl "180+1"]
[EndTime "11:07:28 PDT"]
[Termination "Game drawn by repetition"]

1. e4 c5 2. Nf3 d6 3. d4 cxd4 4. Nxd4 Nf6 5. Nc3 a6 6. Be2 e6 7.
Be3 Qc7 8. O-O b5 9. Bf3 Bb7 10. Bg5 Nbd7 11. Re1 Be7 12. a3 O-O 13. Nb3 Rac8 14. Be2 h6 15. Bh4 Rfe8 16. Bf1 Ne5 17. Bg3 Red8 18. Qd2 Nh5 19. Rad1 Nxg3 20. hxg3 Qb6 21.
Qd4 Qc7 22. Be2 Bf6 23. Qe3 Ba8 24. Nd4 Nc4 25. Bxc4 Qxc4 26. Nde2 b4 27. axb4 Qxb4 28.
Rb1 a5 29. Qd3 d5 30. exd5 Bxd5 31. Nxd5 Rxd5 32. Qb3 Qxb3 33. cxb3 Rc2 34. Nc3 Bxc3 35. bxc3 Rxc3 36. b4 axb4 37. Rxb4 Rc2 38. Ra1 Rdd2 39.
Rf4 f5 40. Ra7 h5 41. Ra1 Kh7 42. Re1 Re2 43. Rxe2 Rxe2 44. f3 g5 45. Ra4 Kg6 46. Ra8 Kf6 47. Rh8 Kg6 48. Rg8+ Kf6 49. Rh8 Kg6 50.
Rg8+ Kf6 51. Rh8 1/2-1/2

[Event "*** Titled Tuesday Blitz"]
[Site "Chess.com"]
[Date "2020.04.28"]
[Round "6"]
[White "Natalya_Buksa"]
[Black "quesfr"]
[Result "0-1"]
[WhiteElo "2515"]
[BlackElo "2251"]
[TimeControl "180+1"]
[EndTime "11:07:28 PDT"]
[Termination "quesfr won by resignation"]

1. d4 d5 2. Nc3 e6 3. Bf4 Bd6 4.
e3 Bxf4 5. exf4 c5 6. Nf3 Nc6 7. Bb5 cxd4 8. Nxd4 Bd7 9. O-O Nf6 10.
f5 O-O 11. fxe6 fxe6 12. Nf3 Qc7 13. Re1 Ng4 14. h3 Rxf3 15. hxg4 Rxf2 16. Kxf2 Qh2 17. Re3 Rf8+ 18. Rf3 Ne5 19. Rxf8+ Kxf8 20. Bxd7 Qf4+ 21.
Kg1 Qe3+ 22. Kf1 Qf4+ 23. Ke1 Qg3+ 24. Kf1 Qf4+ 25. Kg1 Qe3+ 26. Kh2 Qh6+ 27. Kg3 Qe3+ 28. Qf3+ Nxf3 29. gxf3 a6 30. Bc8 Qb6 31. Re1 Qc7+ 32. Kf2 Qxc8 33. Re2 Qc5+ 34. Kg2 Kf7 35. g5 Qb4 36. Nd1 Qf4 37. Ne3 Qxg5+ 38. Kf2 Qh4+ 39. Kf1 Qh1+ 40. Kf2 Qb1 41. Ng4 Qxb2 42. Ne5+ Ke7 43. Nd3 Qxa2 44. Nc5 Qc4 45. Nxe6 Kf6 46. Nf8 Qc5+ 47.
Kg3 Qxf8 48. f4 Qb8 49. Re5 Qxe5 0-1

[Event "*** Titled Tuesday Blitz"]
[Site "Chess.com"]
[Date "2020.04.28"]
[Round "6"]
[White "Caterpiller35"]
[Black "LucaBrasi1968"]
[Result "0-1"]
[WhiteElo "2297"]
[BlackElo "2466"]
[TimeControl "180+1"]
[EndTime "11:07:28 PDT"]
[Termination "LucaBrasi1968 won on time"]

1. d4 f5 2. Nc3 d5 3. Bf4 a6 4.
e3 Nf6 5. Nf3 e6 6. Ne5 c5 7. g4 fxg4 8. h3 g3 9. Bxg3 Nc6 10.
Nxc6 bxc6 11. Bg2 Bd6 12. Bxd6 Qxd6 13. Na4 Nd7 14. O-O O-O 15. c4 a5 16. dxc5 Nxc5 17. Nxc5 Qxc5 18. cxd5 cxd5 19. Rc1 Qe7 20. Qd4 Ba6 21.
Rfd1 Rac8 22. Qb6 Rxc1 23. Rxc1 Bd3 24. Qxa5 Qg5 25. Qc7 Qf6 26. Qg3 Qxb2 27. Rc7 Bg6 28. a4 Qa1+ 29. Kh2 Qxa4 30. h4 Qa1 31. Bh3 Qf6 32.
f4 Bf5 33. Bxf5 exf5 34. Rd7 Rd8 35. Qxg7+ Qxg7 36. Rxd8+ Qf8 37. Rxf8+ Kxf8 0-1